 Dungeon Crawl Stone Soup version 0.25.1-2-g60ff931df9 (webtiles) character file.

Game seed: 13315281599002396677

2133 Delamore the Basher (level 9, -2/51 HPs)
             Began as a Gargoyle Fighter on Aug 16, 2020.
             Slain by an ogre
             ... wielding a cursed -3 giant club
              (17 damage)
             ... on level 7 of the Dungeon.
             The game lasted 00:06:08 (6278 turns).

Delamore the Basher (Gargoyle Fighter)              Turns: 6278, Time: 00:06:08

Health: -2/51      AC: 15    Str: 22    XL:     9   Next: 30%
Magic:  18/18      EV:  7    Int: 15    God:
Gold:   372        SH:  9    Dex:  9    Spells: 8/8 levels left

rFire    . . .     SeeInvis .   a - +0 flail
rCold    x . .     Gourm    .   c - +0 kite shield
rNeg     + . .     Faith    .   b - +0 scale mail
rPois    ∞         Spirit   .   w - +1 helmet "Ettavot" {+Blink rC- Regen+ Int+5}
rElec    +         Reflect  .   (no cloak)
rCorr    .         Harm     .   (no gloves)
MR       .....                  (no boots)
Stlth    +.........             (no amulet)
HPRegen  0.57/turn              j - ring of magical power
MPRegen  0.16/turn              s - ring of stealth

@: no status effects
A: negative energy resistance 1, electricity resistance, unbreathing,
petrification resistance, rot immunity, AC +6
a: Evoke Blink


You were on level 7 of the Dungeon.
You were very hungry.

You visited 1 branch of the dungeon, and saw 7 of its levels.

You collected 476 gold pieces.
You spent 104 gold pieces at shops.

Inventory:

Hand Weapons
 a - a +0 flail (weapon)
Missiles
 e - 13 poisoned darts (quivered)
Armour
 b - a +0 scale mail (worn)
 c - a +0 kite shield (worn)
 w - the +1 helmet "Ettavot" (worn) {+Blink rC- Regen+ Int+5}
   (You found it on level 5 of the Dungeon)

   It affects your intelligence (+5).
   It makes you vulnerable to cold.
   It lets you blink.
   It increases your rate of regeneration.
Jewellery
 j - a ring of magical power (left hand)
 s - a ring of stealth (right hand)
Wands
 t - a wand of random effects (8)
Scrolls
 g - 2 scrolls of identify
 h - a scroll of enchant armour
 i - 2 scrolls of teleportation
 n - 3 scrolls of enchant weapon
 r - 3 scrolls of fear
 u - a scroll of fog
 v - a scroll of immolation
 x - 2 scrolls of remove curse {unknown}
 y - a scroll of blinking {unknown}
Potions
 d - 3 potions of might
 k - a potion of heal wounds
 l - a potion of ambrosia
 m - 6 potions of curing
 o - a potion of magic {unknown}
 p - 4 potions of lignification
 q - a potion of berserk rage {unknown}
 z - a potion of resistance {unknown}
Comestibles
 f - 13 rations


   Skills:
 - Level 3.2 Fighting
 + Level 11.9 Maces & Flails
 - Level 3.2 Armour
 - Level 3.2 Shields


You had 8 spell levels left.
You didn't know any spells.
Your spell library contained the following spells:

 Spells                   Type           Power        Failure   Level  Hunger
 Freeze                   Ice            #...         97%         1    ##.....
 Corpse Rot               Necr/Air       N/A          99%         2    ###....
 Confusing Touch          Hex            #.......     100%        3    ####...
 Gell's Gravitas          Tloc           #.........   100%        3    ####...
 Cause Fear               Hex            #.........   100%        4    #####..
 Petrify                  Tmut/Erth      #.......     100%        4    #####..
 Summon Ice Beast         Ice/Summ       #.......     100%        4    #####..
 Borgnjor's Vile Clutch   Necr/Erth      #.........   100%        5    ######.
 Metabolic Englaciation   Hex/Ice        #.........   100%        5    ######.
 Silence                  Hex/Air        #.........   100%        5    ######.
 Yara's Violent Unravell  Hex/Tmut       #.........   100%        5    ######.
 Discord                  Hex            #.........   100%        8    #######


Dungeon Overview and Level Annotations

Branches:
Dungeon (7/15)             Temple (0/1) D:4

Altars:
Hepliaklqana
Xom

Shops:
D:5 [:(!   D:7 :=}


Innate Abilities, Weirdness & Mutations

You are resistant to torment.
Your stone body is resilient. (AC +6)
You are immune to poison.
You resist negative energy. (rN+)
You are resistant to electric shocks. (rElec)
You can survive without breathing.
You are immune to petrification.
You are immune to rotting.


Message History

The ogre is moderately wounded.
The ogre hits you but does no damage.
You closely miss the ogre.
The ogre is moderately wounded.
The ogre hits you with a cursed -3 giant club!!
You are feeling very hungry.
You sock the ogre!
The ogre is severely wounded.
You closely miss the ogre.
The ogre is severely wounded.
The ogre hits you with a cursed -3 giant club!
* * * LOW HITPOINT WARNING * * *
You are too injured to fight recklessly!
You are too injured to fight recklessly!
You are too injured to fight recklessly!
You are too injured to fight recklessly!
You hit the ogre.
The ogre is severely wounded.
The ogre hits you with a cursed -3 giant club!
You die...

#............##.........#
#............##..#.#....#
#............##...∩.....#
#............##..#.#....#
###########'####'#...#####...#
#.# #.##### #...# #.# #.#
#...#
#########.####.#########...#
..........O@...............+
#.............##..####....#
#.............###.####....#
#..)..............^.(....∩.
#............#####.###(####
#.....)......+............#
..............#####..##.(...
..............# ##.##.....
."............# #..#..)..


You could see an ogre.

Vanquished Creatures
  Grinder (D:3)
  Sigmund (D:4)
  A wyvern (D:3)
  Menkaure (D:6)
  A phantom (D:2)
  A necrophage (D:5)
  4 centaurs
  An ogre (D:7)
  A bullfrog (D:6)
  A scorpion (D:7)
  A crimson imp (D:7)
  2 bullfrog zombies
  A centaur skeleton (D:7)
  3 hounds
  A bullfrog skeleton (D:5)
  4 orc priests
  Natasha (D:3)
  An iguana (D:5)
  6 orc wizards
  3 worker ants (D:5)
  Robin (D:3)
  A gnoll (D:6)
  7 adders
  3 oozes
  A worm (D:3)
  A dart slug (D:3)
  3 leopard geckos
  22 orcs
  8 giant cockroaches
  10 hobgoblins
  8 jackals (D:2)
  3 quokkas
  A ball python (D:3)
  9 bats
  6 frilled lizards
  18 goblins
  7 kobolds
  A quokka skeleton (D:4)
  8 rats
154 creatures vanquished.

Vanquished Creatures (others)
  3 toadstools (D:1)
3 creatures vanquished.

Grand Total: 157 creatures vanquished

Notes
Turn   | Place    | Note
-------+----------+-------------------------------------------
     0 | D:1      | Delamore the Gargoyle Fighter began the quest for the Orb.
     0 | D:1      | Reached XP level 1. HP: 14/14 MP: 1/1
   185 | D:1      | Reached XP level 2. HP: 19/19 MP: 2/2
   214 | D:1      | Reached skill level 3 in Maces & Flails
   714 | D:2      | Reached XP level 3. HP: 17/23 MP: 3/3
   900 | D:2      | Reached skill level 4 in Maces & Flails
  1301 | D:2      | Reached XP level 4. HP: 28/28 MP: 4/4
  1510 | D:2      | Noticed a phantom
  1533 | D:2      | Killed a phantom
  1533 | D:2      | Reached skill level 5 in Maces & Flails
  1533 | D:2      | Reached XP level 5. HP: 9/32 MP: 5/5
  2008 | D:3      | Noticed Robin
  2024 | D:3      | Killed Robin
  2311 | D:3      | Noticed a wyvern
  2316 | D:3      | Killed a wyvern
  2316 | D:3      | Reached skill level 6 in Maces & Flails
  2316 | D:3      | Reached XP level 6. HP: 15/37 MP: 6/6
  2544 | D:3      | Noticed Grinder
  2547 | D:3      | Paralysed by Grinder for 4 turns
  2557 | D:3      | Paralysed by Grinder for 5 turns
  2583 | D:3      | Killed Grinder
  2583 | D:3      | Reached skill level 7 in Maces & Flails
  2583 | D:3      | Reached XP level 7. HP: 19/41 MP: 7/7
  2871 | D:3      | Noticed Natasha
  2896 | D:3      | Killed Natasha
  2896 | D:3      | Reached skill level 8 in Maces & Flails
  3379 | D:4      | Noticed Sigmund
  3396 | D:4      | Killed Sigmund
  3594 | D:4      | Reached skill level 9 in Maces & Flails
  3594 | D:4      | Reached XP level 8. HP: 45/46 MP: 8/8
  3730 | D:4      | Found a staircase to the Ecumenical Temple.
  4117 | D:5      | Entered Level 5 of the Dungeon
  4221 | D:5      | Found Zizafeph's Book Emporium.
  4365 | D:5      | Got a brightly glowing helmet
  4376 | D:5      | Identified the +1 helmet "Ettavot" {+Blink rC- Regen+
                  | Int+5} (You found it on level 5 of the Dungeon)
  4568 | D:5      | Identified the Catalogue of the Twisted Frostbite
  4615 | D:5      | Reached skill level 10 in Maces & Flails
  4745 | D:5      | Got a warped robe
  4756 | D:5      | Identified the +2 robe of Weliles {rC+ rN+++ MR- Int+3}
                  | (You found it on level 5 of the Dungeon)
  4773 | D:5      | Found Ygroat's Antique Armour Boutique.
  4944 | D:5      | Found Pudghis's Distillery.
  4951 | D:5      | Bought a potion of lignification for 39 gold pieces
  4951 | D:5      | Bought a potion of heal wounds for 65 gold pieces
  5033 | D:5      | Found Plog's Antique Weapon Shoppe.
  5236 | D:6      | Found a hazy altar of Hepliaklqana.
  5410 | D:6      | Noticed Menkaure
  5416 | D:6      | Killed Menkaure
  5564 | D:6      | Reached skill level 11 in Maces & Flails
  5564 | D:6      | Reached XP level 9. HP: 42/51 MP: 9/9
  5840 | D:6      | Found a shimmering altar of Xom.
  6058 | D:7      | Found Anenk's Gadget Shoppe.
  6095 | D:7      | Found Kadauquh's Book Shop.
  6244 | D:7      | Found Evoischai's Jewellery Boutique.
  6278 | D:7      | Slain by an ogre

Illustrated notes

Levels and vault maps discovered:
D:1:      ncdulo_halloftheorcs, layout_rooms, minivault_25,
          minmay_misc_feat_tiny, minmay_gold_behind_fungi
D:2:      layout_loops_ring, serial_park_tiny_1
D:3:      layout_loops_ring, first_ration, kennysheep_generic_room_7,
          uniq_grinder, uniq_natasha, uniq_robin
D:4:      layout_basic, temple_doors_cd, uniq_sigmund
D:5:      layout_loops_corners, serial_shops, nicolae_shop_stone,
          nicolae_shop_behind_doors, nicolae_shop_statue_plus, shop,
          minmay_a_box_with_orc_wizards_in_it
D:6:      layout_basic, old_standard_altar, tgw_xom, uniq_menkaure
D:7:      layout_basic, serial_shops, shop, nicolae_shop_crystal, shop, shop,
          shop, serial_park_tiny_2

Skill      XL: |  1  2  3  4  5  6  7  8 |
---------------+-------------------------+-----
Maces & Flails | 3 4 5 6 7 9 11 | 11.9
Fighting       | |  3.2
Armour         | |  3.2
Shields        | |  3.2

Action                   |  1- 3 |  4- 6 |  7- 9 || total
-------------------------+-------+-------+-------++-------
Melee: Flail             |   139 |   165 |   333 ||   637
Throw: Dart              |       |    12 |    12 ||    24
  Use: Scroll            |       |       |     7 ||     7
  Eat: Chunk             |     2 |     4 |    11 ||    17
Armor: Scale mail        |   102 |   128 |   150 ||   380
Dodge: Dodged            |    49 |    48 |    87 ||   184
Block: Kite shield       |    79 |   102 |   123 ||   304
